 Dungeon Crawl Stone Soup version 0.30-a0-919-g9323dee000 (webtiles) character file.

Game seed: 14022861234358017877

8719 112233 the Thaumaturge (level 10, -10/86 HPs)
             Began as a Demigod Air Elementalist on Mar 21, 2023.
             Hit by a large rock thrown by a cyclops (36 damage)
             ... on level 11 of the Dungeon.
             The game lasted 00:18:34 (14839 turns).

112233 the Thaumaturge (Demigod Air Elementalist)  Turns: 14839, Time: 00:18:35

Health: -10/86     AC:  8    Str:  8 (9)  XL:     10   Next: 90%
Magic:  21/26      EV: 13    Int: 27 (29) God:
Gold:   1402       SH:  5    Dex: 11 (14) Spells: 12/25 levels left

rFire   . . .      SeeInvis .    N - +3 demon whip (freeze)
rCold   . . .      Faith    .    e - +0 buckler
rNeg    . . .      Spirit   .    Q - +0 troll leather armour
rPois   .          Reflect  .    w - +1 helmet
rElec   .          Rampage  .    (no cloak)
rCorr   .                        n - +0 pair of gloves
Will    +....                    b - +0 pair of boots
Stlth   +                        q - amulet of magic regeneration
HPRegen 1.14/turn                i - ring of wizardry
MPRegen 0.60/turn                (no ring)

@: lethally poisoned (-10 -> -10), on berserk cooldown, slowed, studying Axes,
very slow
A: high MP 1, forlorn, divine attributes
a: no special abilities


You were on level 11 of the Dungeon.
You visited 1 branch of the dungeon, and saw 11 of its levels.
You also visited: Bailey.

You collected 1642 gold pieces.
You spent 240 gold pieces at shops.

Inventory:

Hand Weapons
 d - the +1 morningstar of a Labyrinth {pain, rElec}
   (You found it on level 2 of the Dungeon)

   rElec:     It insulates you from electricity.
 f - a +0 dagger
 N - a +3 demon whip of freezing (weapon)
 R - a +2 spectral quarterstaff
Missiles
 E - a throwing net
Armour
 a - a +0 robe
 b - a +0 pair of boots (worn)
 e - a +0 buckler (worn)
 n - a +0 pair of gloves (worn)
 w - a +1 helmet (worn)
 Q - a +0 troll leather armour (worn)
Jewellery
 c - the amulet of Vitality {RegenMP++ Regen++}
   (You took it off a yaktaur on level 11 of the Dungeon)

   [amulet of magic regeneration]

   It increases your rate of magic regeneration.
   Regen:     It increases your rate of health regeneration.
 g - an amulet of regeneration
 i - a ring of wizardry (left hand)
 q - an amulet of magic regeneration (around neck)
 D - the ring "Xuklang" {Fire SInv}
   (You took it off an orc knight on level 10 of the Dungeon)

   [ring of fire]

   It enhances your fire magic.
   rF:        It protects you from fire.
   rC:        It makes you vulnerable to cold.
   SInv:      It lets you see invisible.
 H - a ring of flight
 K - a ring of resist corrosion
Wands
 s - a wand of charming (2)
 y - a wand of flame (35)
 P - a wand of digging (6)
Scrolls
 h - 4 scrolls of torment {unknown}
 j - 2 scrolls of magic mapping
 l - a scroll of vulnerability
 o - 3 scrolls of fog
 r - 2 scrolls of brand weapon
 u - 5 scrolls of teleportation
 x - 2 scrolls of immolation
 A - 2 scrolls of blinking
 B - a scroll of poison {unknown}
 C - a scroll of amnesia {unknown}
 F - 3 scrolls of identify
 J - a scroll of enchant armour
Potions
 k - a potion of cancellation
 m - 4 potions of lignification
 p - 2 potions of degeneration
 t - 3 potions of mutation {unknown}
 v - 2 potions of might
 z - 3 potions of attraction
 G - 3 potions of haste
 I - 4 potions of flight
 L - a potion of magic
 O - a potion of curing
 S - a potion of brilliance {unknown}
Miscellaneous
 M - a condenser vane (inert)


   Skills:
 + Level 7.4 Fighting
 + Level 7.6 Dodging
 - Level 1.8 Stealth
 - Level 5.0 Shields
 + Level 8.4 Spellcasting
 - Level 0.9 Conjurations
 - Level 6.5 Air Magic


You had 12 spell levels left.
You knew the following spells:

 Your Spells              Type           Power      Damage    Failure   Level
a - Shock                 Conj/Air       100%       1d9       1%          1
b - Static Discharge      Conj/Air       62%        2-5/arc   1%          2
c - Airstrike             Air            23%        2d(4-20)  2%          4
d - Swiftness             Air            47%        N/A       1%          3
e - Kindle Blastsparks    Fire/Tloc/Air  46%        2d13      4%          3

Your spell library contained the following spells:

 Spells                   Type           Power      Damage    Failure   Level
 Lesser Beckoning         Tloc           22%        N/A       6%          2
 Gell's Gravitas          Tloc           11%        N/A       12%         3
 Teleport Other           Tloc           11%        N/A       12%         3
 Fulminant Prism          Conj/Hex       7%         3d7       28%         4
 Iskenderun's Mystic Bla  Conj/Tloc      14%        2d5       28%         4
 Lee's Rapid Deconstruct  Erth           5%         3d6*      67%         5
 Summon Forest            Summ/Tloc      5%         N/A       67%         5
 Eringya's Noxious Bog    Tmut/Pois      5%         N/A       99%         6
 Summon Hydra             Summ           5%         N/A       100%        7


Dungeon Overview and Level Annotations

Branches:
Dungeon (11/15)            Temple (0/1) D:5            Lair (0/5) D:8
 Bailey (visited)
    Orc: D:9-12

Shops:
D:3 (?   D:6 [   D:7 [   D:8 (

Annotations:
D:4 Edmund
D:5 exclusion: downstairs
D:10 2 transporters, exclusion: downstairs


Innate Abilities, Weirdness & Mutations

You have an increased reservoir of magic. (+10% MP)
You shall have no god before yourself.
Your divine heritage dramatically boosts your attributes as you level up.


Message History

You now have 1402 gold pieces (gained 13).
You see here a +0 arbalest.
A komodo dragon comes into view.
You feel your anger nearly subside.
The centaur shoots an arrow.
The arrow hits you!
You hear a shout!
You see here a +0 arbalest.
You are no longer berserk.
You are exhausted.
You feel yourself slow down.
As you read the scroll of teleportation, it crumbles to dust.
You feel strangely unstable.
The centaur shoots an arrow.
The arrow barely misses you.
You hear a shout!
Unknown command.
It was a potion of degeneration.
There was something very wrong with that liquid.
You feel weakened.
You feel dopey.
You feel clumsy.
Your surroundings suddenly seem different.
The kobold brigand shouts!
The centaur shoots an arrow.
The arrow hits you.
The kobold demonologist mumbles some strange words.
The kobold throws a poisoned dart.
The poisoned dart hits you!
You are poisoned.
The kobold demonologist casts a cantrip, but nothing happens.
Unknown command.
Blink to where?
Press: ? - help, Dir - move target
As you read the scroll of blinking, it crumbles to dust.
You feel very sick.
The centaur shoots an arrow.
The arrow closely misses you.
The centaur shoots an arrow.
The arrow hits you but does no damage.
You feel sick.
The centaur shoots an arrow.
The arrow hits you.
You feel sick.
You feel sick.
The centaur shoots an arrow.
The arrow closely misses you.
A cyclops comes into view.
You feel sick.
The cyclops shouts!
The cyclops throws a large rock.
The large rock hits you!!!
You die...

..# ####.###..#. ... ......
C..... ......3.##
..#.##...... ......... ##
.......... .Kl..3..## #.
#.......#### †.K..K...###.
##........#.##
l.#..K...K...##............#
..#..K....................##
..#........##...@#.........#
.###.§.....#..#..#...≈......
.##...c..K3c..)....#.≈≈.#.#
)............(.......≈..#####
....................#....≈≈≈#
#...##.............##...###≈≈
....##.....#.....#####.#####
##......####.....# #.##~≈.#
#.#....# ##....# ##.~≈.#


You could see a cyclops, a sixfirhy (summoned), a centaur and 2 kobolds.

Vanquished Creatures
  An orc knight (D:10)
  Pikel (D:8)
  A cyclops (D:7)
  A gargoyle (D:10)
  An unseen horror (D:9)
  A yaktaur (D:11)
  3 trolls
  A wraith (D:10)
  A vampire (D:11)
  3 yaks
  3 steam dragons
  An acid dragon (D:8)
  An ice beast (D:5)
  2 sky beasts (D:8)
  2 black bears
  8 orc warriors
  4 centaurs
  4 lemures (D:8)
  2 kobold brigands
  3 phantoms
  3 bullfrogs
  3 scorpions
  A gnoll sergeant (D:7)
  10 wights
  A water moccasin zombie (D:5)
  6 killer bees
  A howler monkey (D:6)
  A bullfrog zombie (D:5)
  A centaur zombie (D:5)
  6 hounds
  A bullfrog skeleton (D:5)
  2 jellies
  9 orc priests
  3 gnoll boudas
  A centaur skeleton (D:5)
  An iguana (D:4)
  Terence (D:2)
  A scorpion zombie (D:8)
  3 sleepcaps
  Jessica (D:2)
  11 orc wizards
  2 howler monkey zombies (D:5)
  21 gnolls
  6 adders
  An ufetubus (D:5)
  2 worms
  A dart slug (D:1)
  40 orcs
  5 bats
  7 endoplasms
  5 giant cockroaches
  10 goblins
  10 hobgoblins
  4 jackals (D:5)
  23 kobolds
  7 ball pythons
  3 frilled lizards
  13 rats
271 creatures vanquished.

Vanquished Creatures (others)
  A centaur (D:6)
  A bullfrog zombie (D:5)
  12 fungi
  12 plants (D:5)
  5 withered plants (D:5)
31 creatures vanquished.

Grand Total: 302 creatures vanquished

Notes
Turn   | Place    | Note
-------+----------+-------------------------------------------
     0 | D:1      | 112233 the Demigod Air Elementalist began the quest for the
                  | Orb.
     0 | D:1      | Reached XP level 1. HP: 14/14 MP: 5/5
   193 | D:1      | Reached skill level 2 in Spellcasting
   411 | D:1      | Reached XP level 2. HP: 20/20 MP: 0/7
  1422 | D:2      | Reached skill level 3 in Spellcasting
  1422 | D:2      | Reached XP level 3. HP: 9/26 MP: 7/10
  1821 | D:2      | Identified the +1 morningstar of a Labyrinth {pain, rElec}
  1941 | D:2      | Learned a level 2 spell: Static Discharge
  2251 | D:2      | Noticed Jessica
  2257 | D:2      | Killed Jessica
  2258 | D:2      | Reached XP level 4. HP: 33/33 MP: 4/12
  2378 | D:2      | Noticed Terence
  2397 | D:2      | Killed Terence
  2398 | D:2      | Reached skill level 4 in Spellcasting
  3066 | D:3      | Reached XP level 5. HP: 27/38 MP: 6/15
  3304 | D:3      | Found Loeh's Antique Weapon Boutique.
  3685 | D:3      | Learned a level 3 spell: Swiftness
  3803 | D:3      | Found Cupyaplo's Magic Scroll Shoppe.
  3814 | D:3      | Bought a scroll of blinking for 97 gold pieces
  4060 | D:4      | Reached skill level 5 in Spellcasting
  4118 | D:4      | Reached skill level 1 in Fighting
  4118 | D:4      | Reached XP level 6. HP: 26/47 MP: 17/17
  4290 | D:4      | Noticed Edmund
  4322 | D:5      | Entered Level 5 of the Dungeon
  4726 | D:4      | Learned a level 4 spell: Airstrike
  5420 | D:6      | Reached XP level 7. HP: 55/55 MP: 13/18
  6142 | D:5      | Found a staircase to the Ecumenical Temple.
  6496 | D:6      | Reached skill level 6 in Spellcasting
  6496 | D:6      | Reached XP level 8. HP: 63/63 MP: 15/20
  7439 | D:6      | Reached skill level 5 in Air Magic
  7642 | D:6      | Found Ynautes's Antique Armour Boutique.
  8171 | D:3      | Bought a scroll of teleportation for 39 gold pieces
  8171 | D:3      | Bought a scroll of fear for 52 gold pieces
  8171 | D:3      | Bought a scroll of fog for 52 gold pieces
  8254 | D:7      | Reached skill level 5 in Dodging
  9001 | D:7      | Reached XP level 9. HP: 73/73 MP: 10/23
  9135 | D:7      | Found Hienal's Armour Shop.
  9169 | D:7      | Reached skill level 1 in Shields
  9202 | D:7      | Reached skill level 5 in Fighting
  9251 | D:7      | Noticed a cyclops
  9276 | D:7      | Killed a cyclops
  9277 | D:7      | Reached skill level 7 in Spellcasting
  9847 | D:8      | Noticed Pikel
 10095 | D:8      | Killed Pikel
 10232 | D:8      | Found a flagged portal.
 10250 | Bailey   | Entered a bailey
 10569 | Bailey   | Learned a level 3 spell: Kindle Blastsparks
 11070 | D:8      | Reached XP level 10. HP: 83/83 MP: 14/25
 11242 | D:8      | Found Nireug's Antique Weapon Shop.
 11391 | D:8      | Found a staircase to the Lair.
 12251 | D:10     | Entered Level 10 of the Dungeon
 12320 | D:10     | Found a transporter.
 12450 | D:10     | Found a transporter.
 12493 | D:10     | Reached skill level 8 in Spellcasting
 13065 | D:11     | Noticed a two-headed ogre
 13071 | D:11     | Noticed a sixfirhy
 13653 | D:11     | Identified the ring "Xuklang" {Fire SInv}
 13653 | D:11     | Noticed an orc knight
 14289 | D:10     | Reached skill level 5 in Shields
 14471 | D:10     | Killed an orc knight
 14811 | D:11     | Noticed a boulder beetle
 14835 | D:11     | Noticed a sixfirhy
 14838 | D:11     | Noticed a cyclops
 14839 | D:11     | Hit by a large rock thrown by a cyclops

Illustrated notes

Levels and vault maps discovered:
D:1:      doesnt_arrival_eight_statues, layout_loops_ring,
          minmay_misc_feat_cross
D:2:      minmay_general_purpose_star, layout_loops_corners,
          grunt_ministairs_14, dk_noncrumbling_3, uniq_terence, uniq_jessica
D:3:      layout_loops_ring, mainiacjoe_overflow_swirl, serial_shops,
          nicolae_shop_window_shopping, nicolae_lakefront_shop
D:4:      layout_basic, dreamdust_gnoll_farm, uniq_edmund
D:5:      layout_rooms, temple_statues, serial_undead, serial_undead_b,
          serial_undead_e, serial_undead_f, serial_undead_c,
          grunt_decor_arrowhead, minmay_holes, minivault_26, serial_bayou_lake_a
D:6:      layout_cave_pools, serial_shops, shop, serial_column_ruins,
          column_ruins_hut, column_ruins_open_tiny, column_ruins_open_medium,
          column_ruins_corridor_T, column_ruins_grid_1, minmay_manual_mares
D:7:      layout_basic, serial_shops, nicolae_stop_n_shop_2
D:8:      layout_cave_pools, grunt_gozag_statues, dpeg_oklobed_lair,
          serial_shops, nicolae_shop_crystal, enter_bailey_3, uniq_pikel
D:9:      layout_rooms
D:10:     gammafunk_worm_tunnel, layout_irregular_city
D:11:     minmay_the_grid_square_5x5_3x3 [minmay_the_grid_square_5x5_n_small,
          minmay_the_grid_square_5x5_corner, minmay_the_grid_square_5x5_detours,
          minmay_the_grid_square_5x5_three_small,
          minmay_the_grid_square_5x5_megaprize_checkered,
          minmay_the_grid_square_5x5_eight, minmay_the_grid_square_5x5_empty,
          minmay_the_grid_square_5x5_z, minmay_the_grid_square_5x5_bracketed],
          layout_cave_pools, chequers_serial_rivers_small_b

Skill      XL: |  1  2  3  4  5  6  7  8  9 10 |
---------------+-------------------------------+-----
Spellcasting   | 2 3 4 5 6 7 8 |  8.4
Dodging        | 2 3 4 5 6 7 |  7.6
Fighting       | 1 2 3 4 6 7 |  7.4
Air Magic      | 3 4 5 6 |  6.5
Shields        | 3 5 |  5.0
Stealth        | |  1.8
Conjurations   | |  0.9

Action                     |  1- 3 |  4- 6 |  7- 9 | 10-12 || total
---------------------------+-------+-------+-------+-------++-------
  Melee: Unarmed           |    10 |       |       |       ||    10
         Dagger            |     6 |       |       |       ||     6
         Morningstar       |    18 |    20 |     7 |    13 ||    58
         Punch             |       |       |     1 |     1 ||     2
   Cast: Shock             |   101 |    91 |     2 |       ||   194
         Static Discharge  |     1 |    14 |     6 |       ||    21
         Airstrike         |       |     9 |   219 |   114 ||   342
         Swiftness         |       |     1 |     1 |     3 ||     5
  Evoke: Wand              |       |     1 |     9 |     1 ||    11
         Condenser vane    |       |       |       |     1 ||     1
    Use: Potion            |     4 |     7 |       |     2 ||    13
         Scroll            |       |     4 |     4 |     3 ||    11
 Armour: Robe              |    33 |    12 |    13 |    13 ||    71
         Skin              |       |    10 |       |       ||    10
         Troll leather arm |       |       |       |     2 ||     2
  Dodge: Dodged            |    60 |    46 |    53 |    45 ||   204
  Block: Buckler           |       |       |       |    13 ||    13

Table legend: (Time is in decaauts)
 A = Elapsed time spent in this place.
 B = Non-inter-level travel time spent in this place.
 C = Inter-level travel time spent in this place.
 D = Time resting spent in this place.
 E = Time spent auto-exploring this place.
 F = Levels seen in this place.
 G = Mean time per level.
                   A        B        C        D        E       F      G
               +--------+--------+--------+--------+--------+-----+--------+
         Total |  14919 |  13956 |    963 |   4248 |   8034 |  12 | 1243.2 |
       Dungeon |  14234 |  13271 |    963 |   4034 |   7711 |  11 | 1294.0 |
        Bailey |    685 |    685 |      0 |    214 |    323 |   1 |  685.0 |
               +--------+--------+--------+--------+--------+-----+--------+

Top non-repeatable levels by time:
    D:10: 2364 daAuts
     D:6: 1745 daAuts
     D:4: 1735 daAuts
     D:2: 1648 daAuts
     D:7: 1380 daAuts
     D:1: 1274 daAuts
     D:3: 1232 daAuts
     D:5: 1215 daAuts
     D:8: 779 daAuts
  Bailey: 685 daAuts
     D:9: 670 daAuts
    D:11: 189 daAuts
